[Event "Titled Tuesday Blitz November 07 Early 2023"]
[White "Bacrot, Etienne"]
[Black "Martinez Alcantara, Jose Eduardo"]
[WhiteFideId "605506"]
[BlackFideId "3805662"]
[WhiteElo "2831"]
[BlackElo "3047"]
[Result "0-1"]
[Round "4"]
[TimeControl "180+1"]
[Date "2023.11.07"]
[WhiteClock "0:01:40"]
[BlackClock "0:00:45"]
[Board "7"]

1. e4 c5 2. Nf3 d6 3. c3 Nf6 4. Be2 Bd7 5. d3 Nc6 6. O-O e5 7. Re1 Be7 8. Bf1 O-O 9. h3 Re8 10. d4 Bf8 11. d5 Ne7 12. c4 Ng6 13. Nc3 Be7 14. g3 h6 15. Bg2 a6 16. a3 b5 17. Be3 Qc7 18. Qc2 Rec8 19. Rec1 Rab8 20. Nd2 Qb7 21. Qd3 h5 22. Rab1 h4 23. b4 hxg3 24. fxg3 cxb4 25. axb4 Rc7 26. cxb5 axb5 27. Nb3 Qc8 28. Na5 Bxh3 29. Nxb5 Rxc1+ 30. Rxc1 Qg4 31. Bxh3 Qxh3 32. Ba7 0-1


[Site "https://www.chess.com"]

[Event "Titled Tuesday Blitz November 07 Early 2023"]
[White "Pranesh M"]
[Black "Zakhartsov, Vladimir"]
[WhiteFideId "35028600"]
[BlackFideId "4145097"]
[WhiteElo "3032"]
[BlackElo "2827"]
[Result "1-0"]
[Round "4"]
[TimeControl "180+1"]
[Date "2023.11.07"]
[WhiteClock "0:00:39"]
[BlackClock "0:00:00"]
[Board "8"]

1. e4 c5 2. Nf3 Nc6 3. d4 cxd4 4. Nxd4 Nf6 5. Nc3 e5 6. Ndb5 d6 7. Nd5 Nxd5 8. exd5 Nb8 9. c4 Be7 10. Be2 O-O 11. O-O f5 12. c5 a6 13. cxd6 Bxd6 14. Nxd6 Qxd6 15. a4 Rd8 16. b3 Kh8 17. Bc4 Nd7 18. Ba3 Qg6 19. Be7 Re8 20. d6 Nb6 21. Qf3 e4 22. Qf4 Be6 23. a5 Nc8 24. d7 Bxd7 25. Bc5 Bc6 26. Rfd1 h6 27. h3 Kh7 28. Rd4 Na7 29. Rd6 Qg5 30. Qxg5 hxg5 31. Bf7 Rf8 32. Bg6+ Kh8 33. Re6 Rf6 34. Rxf6 gxf6 35. Bxf5 Nb5 36. Rd1 Kg7 37. Kh2 Re8 38. b4 Re5 39. Bd7 Nc3 40. Bxc6 Nxd1 41. Bxb7 Re6 42. Bb6 Nc3 43. Bxa6 Na4 44. Bc4 Rxb6 45. axb6 Nxb6 46. Be6 Kf8 47. Bf5 e3 48. fxe3 Nd5 49. b5 Ke7 50. e4 Nb6 51. g3 Nc4 52. h4 gxh4 53. gxh4 Kd6 54. h5 Ne5 55. Kg3 Kc5 56. Be6 Kxb5 57. Kf4 Kc5 58. Kf5 Kd6 59. h6 Nc6 60. h7 Nd4+ 61. Kg6 1-0


[Site "https://www.chess.com"]

[Event "Titled Tuesday Blitz November 07 Early 2023"]
[White "Xiong, Jeffery"]
[Black "Fernandez, Daniel"]
[WhiteFideId "2047640"]
[BlackFideId "2015390"]
[WhiteElo "3013"]
[BlackElo "2821"]
[Result "1/2-1/2"]
[Round "4"]
[TimeControl "180+1"]
[Date "2023.11.07"]
[WhiteClock "0:01:18"]
[BlackClock "0:00:51"]
[Board "9"]

1. Nf3 d5 2. g3 Nf6 3. Bg2 c6 4. O-O Bg4 5. d3 Nbd7 6. h3 Bh5 7. Qe1 e5 8. e4 dxe4 9. dxe4 Bc5 10. Nbd2 O-O 11. Nb3 Bb6 12. a4 a5 13. Nh4 Re8 14. Nf5 Nf8 15. Bd2 Bg6 16. Nh4 Ne6 17. Nxg6 hxg6 18. Rd1 Qc7 19. Bc3 Nd7 20. h4 Ndc5 21. Nxc5 Bxc5 22. Bh3 Nd4 23. Bxd4 Bxd4 24. c3 Bc5 25. Rd7 Qb6 26. Qd2 Rad8 27. Rd1 Rxd7 28. Qxd7 Bxf2+ 29. Kg2 Rf8 30. Rf1 Bc5 31. b4 axb4 32. Rxf7 Rxf7 33. Be6 Be7 34. Qe8+ Kh7 35. Qxf7 Qd8 36. cxb4 Bxb4 37. h5 Qf6 38. hxg6+ 1/2-1/2


[Site "https://www.chess.com"]

[Event "Titled Tuesday Blitz November 07 Early 2023"]
[White "Oparin, Grigoriy"]
[Black "Materia, Marco"]
[WhiteFideId "24125890"]
[BlackFideId "45150451"]
[WhiteElo "2986"]
[BlackElo "2821"]
[Result "1-0"]
[Round "4"]
[TimeControl "180+1"]
[Date "2023.11.07"]
[WhiteClock "0:01:51"]
[BlackClock "0:01:15"]
[Board "10"]

1. d4 Nf6 2. c4 e6 3. Nf3 d5 4. g3 Be7 5. Bg2 O-O 6. Nc3 c6 7. b3 Nbd7 8. O-O b6 9. Qd3 Bb7 10. Bb2 c5 11. cxd5 exd5 12. Rfd1 Rc8 13. dxc5 bxc5 14. e3 Nb6 15. Qf5 Re8 16. Ne2 Ne4 17. Ne5 Nd6 18. Qc2 Bf6 19. Nd3 c4 20. Ndf4 c3 21. Nxc3 Nb5 22. Nfe2 Qc7 23. Rac1 Nxc3 24. Bxc3 d4 25. Bxb7 Qxb7 26. Nxd4 Nd5 27. Qd2 Nxc3 28. Rxc3 Rcd8 29. Rd3 g6 30. Qe2 Kg7 31. Qf3 Qa6 32. R1d2 Rc8 33. Kg2 h5 34. h4 Rc1 35. Ne2 Rc6 36. Nf4 Rec8 37. Rd7 R6c7 38. R2d6 Qa5 39. Ne6+ 1-0


[Site "https://www.chess.com"]

[Event "Titled Tuesday Blitz November 07 Early 2023"]
[White "BardArtem"]
[Black "Kovalenko, Igor"]
[BlackFideId "14117908"]
[WhiteElo "2819"]
[BlackElo "2963"]
[Result "0-1"]
[Round "4"]
[TimeControl "180+1"]
[Date "2023.11.07"]
[WhiteClock "0:00:00"]
[BlackClock "0:01:09"]
[Board "11"]

1. e4 c5 2. c3 d5 3. exd5 Qxd5 4. d4 Nf6 5. Nf3 e6 6. Na3 a6 7. Nc4 Nbd7 8. a4 b6 9. Be2 Bb7 10. O-O Be7 11. Be3 O-O 12. dxc5 bxc5 13. Qxd5 Bxd5 14. Bf4 Nh5 15. Be5 Nxe5 16. Nfxe5 Nf4 17. Bf3 f6 18. Nc6 Bxf3 19. gxf3 Rf7 20. Rfd1 Rc8 21. Nxe7+ Rxe7 22. Rd6 Ra8 23. Rad1 Kf7 24. Rc6 e5 25. Rxc5 Kg6 26. Kf1 Kg5 27. Nd6 Rea7 28. b4 Kh4 29. Nf5+ Kh3 30. Kg1 Re8 31. Kh1 g6 32. Ne3 f5 33. Nc4 e4 34. Re5 Rxe5 35. Nxe5 Re7 36. Nc6 Re8 37. b5 axb5 38. axb5 exf3 39. b6 Re2 40. Rf1 Nd3 41. Kg1 Rb2 42. Nb4 Nxb4 43. cxb4 Rxb4 44. Rc1 Rxb6 45. Kh1 Rb2 46. Rf1 f4 47. Kg1 g5 48. Kh1 g4 49. Kg1 h5 50. Kh1 h4 51. Kg1 g3 52. fxg3 Rg2+ 53. Kh1 Rxh2+ 54. Kg1 f2+ 0-1


[Site "https://www.chess.com"]

[Event "Titled Tuesday Blitz November 07 Early 2023"]
[White "Navara, David"]
[Black "Lobanov, Sergei"]
[WhiteFideId "309095"]
[BlackFideId "24183750"]
[WhiteElo "2938"]
[BlackElo "2819"]
[Result "1/2-1/2"]
[Round "4"]
[TimeControl "180+1"]
[Date "2023.11.07"]
[WhiteClock "0:00:10"]
[BlackClock "0:00:08"]
[Board "12"]

1. e4 e5 2. Nf3 Nc6 3. a4 Nf6 4. Nc3 Be7 5. Bb5 O-O 6. d3 d6 7. h3 Be6 8. a5 a6 9. Bc4 d5 10. exd5 Nxd5 11. Bd2 Nxc3 12. Bxc3 Bxc4 13. dxc4 Bc5 14. Qd5 Qe7 15. O-O-O Rad8 16. Qe4 f5 17. Qe2 e4 18. Nd2 Bd4 19. Bxd4 Nxd4 20. Qe3 Qb4 21. c3 Nb3+ 22. Nxb3 Qxb3 23. Qc5 c6 24. Rxd8 Rxd8 25. Qxf5 Qxc4 26. Re1 Qa4 27. Qe6+ Kf8 28. Qf5+ Kg8 29. Qe6+ Kf8 30. Kb1 Rd1+ 31. Rxd1 Qxd1+ 32. Ka2 Qa4+ 33. Kb1 Qd1+ 34. Ka2 Qa4+ 35. Kb1 Qd1+ 1/2-1/2


[Site "https://www.chess.com"]

[Event "Titled Tuesday Blitz November 07 Early 2023"]
[White "Khismatullin, Denis"]
[Black "Suyarov, Mukhammadzokhid"]
[WhiteFideId "4142578"]
[BlackFideId "14210495"]
[WhiteElo "2932"]
[BlackElo "2815"]
[Result "1-0"]
[Round "4"]
[TimeControl "180+1"]
[Date "2023.11.07"]
[WhiteClock "0:01:00"]
[BlackClock "0:01:06"]
[Board "13"]

1. e4 e6 2. d4 d5 3. exd5 exd5 4. Nf3 Nc6 5. Bb5 Bd6 6. O-O Ne7 7. Re1 O-O 8. Nbd2 Bg4 9. c3 Ng6 10. h3 Bf5 11. Nf1 h6 12. Ne3 Be6 13. Bf1 Nf4 14. Ng4 Qf6 15. Nxf6+ gxf6 16. Bxf4 Bxf4 17. g3 Bd6 18. Qd2 Kg7 19. Nh4 Ne7 20. Bd3 Rae8 21. Kg2 f5 22. Re2 Bd7 23. Rae1 c6 24. b4 b5 25. Re3 f4 26. Rxe7 Bxe7 27. Bf5 Bxh4 28. Bxd7 Bg5 29. gxf4 Bxf4 30. Qd1 Rxe1 31. Qxe1 Rd8 32. Bxc6 Rd6 33. Bxb5 Re6 34. Qd1 Rg6+ 35. Kh1 Bb8 36. Bd3 Rb6 37. Qg4+ Kf8 38. Qc8+ Kg7 39. a4 a5 40. bxa5 Rb2 41. a6 h5 42. Kg2 h4 43. Kf3 Bh2 44. a7 Rb6 45. Qg4+ Kh6 46. Qxh4+ Kg7 47. Qh7+ Kf6 48. a8=Q Bb8 49. Qxd5 Rb2 50. Qdxf7+ 1-0


[Site "https://www.chess.com"]

[Event "Titled Tuesday Blitz November 07 Early 2023"]
[White "CrazyAdvenTures"]
[Black "Kukhmazov, Arsen"]
[BlackFideId "24108260"]
[WhiteElo "2808"]
[BlackElo "2918"]
[Result "1-0"]
[Round "4"]
[TimeControl "180+1"]
[Date "2023.11.07"]
[WhiteClock "0:00:56"]
[BlackClock "0:00:01"]
[Board "14"]

1. e4 c6 2. Nf3 d5 3. Nc3 Bg4 4. h3 Bh5 5. exd5 cxd5 6. g4 Bg6 7. Ne5 Nc6 8. d4 e6 9. Bb5 Rc8 10. h4 f6 11. Bxc6+ bxc6 12. Nxg6 hxg6 13. Qd3 Kf7 14. Bd2 c5 15. dxc5 Rxc5 16. O-O-O Rc4 17. h5 gxh5 18. gxh5 Ne7 19. Rdg1 Nf5 20. Kb1 Bc5 21. Rg2 Bd4 22. Ne2 Be5 23. f4 Bc7 24. b3 Re4 25. Ng3 Nxg3 26. Qxg3 Qf8 27. Qg6+ Ke7 28. Qxg7+ Qxg7 29. Rxg7+ Kd8 30. h6 Bxf4 31. Bxf4 Rxf4 32. h7 1-0


[Site "https://www.chess.com"]

[Event "Titled Tuesday Blitz November 07 Early 2023"]
[White "Aravindh, Chithambaram VR."]
[Black "Sokolovsky, Yahli"]
[WhiteFideId "5072786"]
[BlackFideId "2820242"]
[WhiteElo "2917"]
[BlackElo "2804"]
[Result "1-0"]
[Round "4"]
[TimeControl "180+1"]
[Date "2023.11.07"]
[WhiteClock "0:00:05"]
[BlackClock "0:00:23"]
[Board "15"]

1. b3 Nf6 2. Bb2 g6 3. Nf3 Bg7 4. e3 O-O 5. Be2 c5 6. c4 d6 7. O-O Nc6 8. d4 cxd4 9. Nxd4 Nxd4 10. Bxd4 b6 11. Nd2 Bb7 12. Bf3 Qd7 13. Rc1 Rac8 14. Qe2 e5 15. Bxb7 Qxb7 16. Bb2 Rfe8 17. Rfd1 d5 18. cxd5 Nxd5 19. Rxc8 Qxc8 20. Nc4 Qe6 21. e4 Nf4 22. Qd2 Bf6 23. h3 b5 24. Ne3 Rd8 25. Nd5 Kg7 26. Nxf4 Qa6 27. Nd5 Qxa2 28. Bxe5 Rxd5 29. Bxf6+ Kxf6 30. exd5 Qa3 31. d6 Qa5 32. d7 Qd8 33. Qd6+ Kg7 34. Qd4+ Kf8 35. Qh8+ Ke7 36. Re1+ Kxd7 37. Rd1+ Kc6 38. Qxd8 Kc5 39. Qd6# 1-0


[Site "https://www.chess.com"]

[Event "Titled Tuesday Blitz November 07 Early 2023"]
[White "Bauman_Guy"]
[Black "Klimkowski, Jan"]
[BlackFideId "21856222"]
[WhiteElo "2914"]
[BlackElo "2800"]
[Result "1-0"]
[Round "4"]
[TimeControl "180+1"]
[Date "2023.11.07"]
[WhiteClock "0:01:29"]
[BlackClock "0:00:22"]
[Board "16"]

1. e4 c5 2. Nf3 d6 3. d4 cxd4 4. Nxd4 Nf6 5. Nc3 a6 6. h3 e5 7. Nde2 h5 8. Bg5 Be7 9. Ng3 h4 10. Nf5 Bxf5 11. exf5 Nc6 12. Bxf6 Bxf6 13. Nd5 Ne7 14. Nxe7 Kxe7 15. Bc4 Qb6 16. O-O Rac8 17. Bb3 Rc5 18. Qe2 Qc6 19. Rad1 d5 20. Rd2 Rd8 21. Rfd1 Kf8 22. Qh5 b5 23. c3 a5 24. a3 Ke7 25. Ba2 Qb7 26. b4 Rxc3 27. Bxd5 Rxd5 28. Rxd5 Rc7 29. Qe2 axb4 30. Rxb5 Qc6 31. axb4 e4 32. Rc5 Qb6 33. Qxe4+ Kf8 34. Qa8+ Ke7 35. Qd8# 1-0


[Site "https://www.chess.com"]

[Event "Titled Tuesday Blitz November 07 Early 2023"]
[White "Sethuraman, S.P."]
[Black "Javakhadze, Zurab"]
[WhiteFideId "5021596"]
[BlackFideId "13603647"]
[WhiteElo "2899"]
[BlackElo "2789"]
[Result "1-0"]
[Round "4"]
[TimeControl "180+1"]
[Date "2023.11.07"]
[WhiteClock "0:00:19"]
[BlackClock "0:00:00"]
[Board "17"]

1. d4 d5 2. c4 e6 3. Nf3 Nf6 4. Nc3 Nbd7 5. cxd5 exd5 6. Bg5 c6 7. e3 Be7 8. Bd3 O-O 9. Qc2 Re8 10. h3 Nf8 11. Bf4 Bd6 12. Bxd6 Qxd6 13. O-O Ng6 14. Rfb1 a5 15. a3 Qe7 16. Re1 Ne4 17. Bxe4 dxe4 18. Nd2 f5 19. Ne2 Be6 20. Rac1 Qg5 21. Qc5 Bd5 22. g3 h5 23. Kh2 h4 24. Rg1 Kf7 25. Nf4 Nxf4 26. gxf4 Qe7 27. Qc3 g6 28. Nc4 Bxc4 29. Qxc4+ Qe6 30. Qc5 Red8 31. Rg2 Rd5 32. Qc4 Rad8 33. Rcg1 R8d6 34. Qe2 Qe7 35. Rg5 Rf6 36. Qc4 Kg7 37. Qe2 Kh6 38. Qe1 1-0


[Site "https://www.chess.com"]

[Event "Titled Tuesday Blitz November 07 Early 2023"]
[White "Darini, Pouria"]
[Black "Zhigalko, Sergei"]
[WhiteFideId "12502200"]
[BlackFideId "13502956"]
[WhiteElo "2727"]
[BlackElo "2896"]
[Result "1/2-1/2"]
[Round "4"]
[TimeControl "180+1"]
[Date "2023.11.07"]
[WhiteClock "0:00:03"]
[BlackClock "0:00:04"]
[Board "18"]

1. Nf3 d5 2. d4 e6 3. Bf4 Bd6 4. Bxd6 Qxd6 5. Nbd2 Nf6 6. e3 Nbd7 7. c4 O-O 8. Be2 e5 9. dxe5 Nxe5 10. O-O Rd8 11. Qb3 c6 12. Rfd1 Nxf3+ 13. Nxf3 Qe7 14. cxd5 Rxd5 15. Rxd5 Nxd5 16. Bc4 Nb6 17. Rd1 Nxc4 18. Qxc4 Be6 19. Qc2 Bg4 20. Rd4 Bxf3 21. gxf3 Rd8 22. Qd3 Rxd4 23. Qxd4 b6 24. f4 h6 25. a3 Qe6 26. Qd8+ Kh7 27. Qd3+ Kg8 28. f5 Qf6 29. Qc2 c5 30. Kf1 Qe5 31. Kg2 Qd5+ 32. Kg3 c4 33. e4 Qd6+ 34. f4 b5 35. e5 Qd4 36. Qc3 Qg1+ 37. Kh3 Qf1+ 38. Kg3 Qg1+ 39. Kh3 h5 40. Qf3 Qd4 41. Qa8+ Kh7 42. Qf3 Kg8 43. Qa8+ Kh7 44. Qf3 Qxb2 45. Qxh5+ Kg8 46. Qf3 Qb3 47. Kg4 Qxf3+ 48. Kxf3 a5 49. Ke4 b4 50. axb4 axb4 51. Kd4 b3 52. Kc3 Kf8 53. h4 g6 54. fxg6 fxg6 55. Kb2 Kf7 56. Kc3 Ke6 57. Kb2 Ke7 58. Kc3 Kd7 59. Kb2 Ke6 60. Kc3 Kd5 61. Kb2 Kc5 62. Kc3 Kc6 63. f5 gxf5 64. h5 f4 65. h6 f3 66. h7 f2 67. h8=Q f1=Q 68. Qe8+ Kd5 69. Qd7+ Kxe5 70. Qe7+ Kd5 71. Qd7+ Ke4 72. Qe6+ Kf3 73. Qf7+ Kg2 74. Qg8+ Kf2 75. Qf7+ Ke1 76. Qe7+ Qe2 77. Qh4+ Kf1 78. Qh1+ Kf2 79. Qh2+ Kf3 80. Qh5+ Ke3 81. Qe5+ Kf2 82. Qh2+ Ke1 83. Qg1+ Qf1 84. Qe3+ Qe2 85. Qg1+ Qf1 86. Qe3+ Qe2 87. Qg1+ 1/2-1/2


[Site "https://www.chess.com"]

[Event "Titled Tuesday Blitz November 07 Early 2023"]
[White "Talibov, Shiroghlan"]
[Black "Akhmedinov, Satbek"]
[WhiteFideId "13429078"]
[BlackFideId "13714287"]
[WhiteElo "2893"]
[BlackElo "2716"]
[Result "1-0"]
[Round "4"]
[TimeControl "180+1"]
[Date "2023.11.07"]
[WhiteClock "0:00:08"]
[BlackClock "0:00:25"]
[Board "19"]

1. d4 Nf6 2. c4 e6 3. Nf3 d5 4. Nc3 Be7 5. Bf4 O-O 6. e3 c5 7. dxc5 Bxc5 8. a3 Nc6 9. Be2 dxc4 10. Bxc4 a6 11. O-O b5 12. Bd3 Bb7 13. Ne4 Be7 14. Rc1 Qb6 15. Nfg5 h6 16. Nxf6+ Bxf6 17. Nh7 Bxb2 18. Rb1 Bxa3 19. Nf6+ gxf6 20. Qg4+ Kh8 21. Qh5 f5 22. Bxh6 Ne5 23. Bg5+ Kg8 24. Bf6 Ng6 25. Qh6 1-0


[Site "https://www.chess.com"]

[Event "Titled Tuesday Blitz November 07 Early 2023"]
[White "Steinberg, Nitzan"]
[Black "Malek, Jan"]
[WhiteFideId "2801795"]
[BlackFideId "21864080"]
[WhiteElo "2890"]
[BlackElo "2698"]
[Result "1-0"]
[Round "4"]
[TimeControl "180+1"]
[Date "2023.11.07"]
[WhiteClock "0:00:04"]
[BlackClock "0:00:02"]
[Board "20"]

1. Nf3 Nf6 2. g3 d5 3. Bg2 g6 4. O-O Bg7 5. d3 O-O 6. Nbd2 b6 7. e4 dxe4 8. dxe4 Bb7 9. Qe2 e6 10. Re1 Qe7 11. e5 Nfd7 12. Nf1 Nc6 13. Bf4 h6 14. h4 Rfd8 15. N1h2 Nc5 16. Ng4 Kh7 17. Qe3 Nb4 18. Ng5+ hxg5 19. Bxg5 Qf8 20. Bxb7 Nxb7 21. Qe4 Rd5 22. h5 a5 23. hxg6+ fxg6 24. c4 Qf5 25. Nf6+ Bxf6 26. Qh4+ Kg8 27. Bxf6 Qh5 28. cxd5 Nxd5 29. Qxh5 gxh5 30. Kg2 Kf7 31. Rh1 Kg6 32. Rh4 Nc5 33. Rah1 Nxf6 34. exf6 Nd7 35. Rxh5 Nxf6 36. Rh6+ Kg7 37. R6h4 Rd8 38. Re1 Kf7 39. Re2 Rd3 40. Rf4 c5 41. Rf3 Rd6 42. g4 Kg6 43. Rfe3 Kf7 44. g5 Nd5 45. Re4 Rc6 46. Kg3 c4 47. Rh4 b5 48. Rh7+ Kg6 49. Rh6+ Kf5 50. f4 b4 51. Re5# 1-0


[Site "https://www.chess.com"]

[Event "Titled Tuesday Blitz November 07 Early 2023"]
[White "Chinguun, Sumiya"]
[Black "Kazakouski, Valery"]
[WhiteFideId "4902572"]
[BlackFideId "13507443"]
[WhiteElo "2682"]
[BlackElo "2883"]
[Result "0-1"]
[Round "4"]
[TimeControl "180+1"]
[Date "2023.11.07"]
[WhiteClock "0:01:18"]
[BlackClock "0:00:51"]
[Board "21"]

1. e4 c5 2. Nc3 Nc6 3. Bb5 Nd4 4. Nf3 e6 5. O-O a6 6. Bd3 Nc6 7. Re1 g5 8. h3 h5 9. Nh2 Bg7 10. Be2 Nf6 11. d3 g4 12. hxg4 hxg4 13. Bxg4 Qc7 14. e5 Nxe5 15. Bf4 d6 16. Bxe5 dxe5 17. g3 Bd7 18. Bf3 O-O-O 19. Bg2 Bc6 20. Bxc6 Qxc6 21. Qf3 Qc7 22. Ne4 Nd5 23. c3 f5 24. Ng5 Qe7 25. c4 Nb4 26. Qe3 Nc2 27. Qd2 Nxa1 28. Rxa1 Bh6 29. f4 e4 30. b3 Bxg5 31. fxg5 Rxd3 32. Qb2 Rxg3+ 33. Kh1 Rgh3 0-1


[Site "https://www.chess.com"]

[Event "Titled Tuesday Blitz November 07 Early 2023"]
[White "Taher, Yoseph Theolifus"]
[Black "amanmuhammethommadov"]
[WhiteFideId "7105347"]
[WhiteElo "2879"]
[BlackElo "2677"]
[Result "1-0"]
[Round "4"]
[TimeControl "180+1"]
[Date "2023.11.07"]
[WhiteClock "0:01:21"]
[BlackClock "0:00:05"]
[Board "22"]

1. d4 Nf6 2. Nc3 d5 3. Bf4 g6 4. e3 Bg7 5. h4 h5 6. Nf3 O-O 7. Ne5 Bf5 8. f3 c5 9. g4 Be6 10. Qd2 Nc6 11. dxc5 Qa5 12. g5 Nd7 13. Nxd7 Bxd7 14. Nxd5 Qxc5 15. c3 Be6 16. e4 a5 17. Be3 Qd6 18. Nf6+ Bxf6 19. Qxd6 Bxc3+ 20. bxc3 exd6 21. a4 Ne5 22. Be2 Rac8 23. Bd4 Nc6 24. Kd2 Nxd4 25. cxd4 d5 26. Rhc1 Rfd8 27. Ke3 Kf8 28. Rab1 Rxc1 29. Rxc1 Rc8 30. Rb1 dxe4 31. fxe4 Rc3+ 32. Kf4 Rh3 33. Rxb7 Rxh4+ 34. Ke5 Rh2 35. Bb5 Rf2 36. d5 Bg4 37. d6 h4 38. Rb8+ Kg7 39. d7 Bxd7 40. Bxd7 Rg2 41. Kf4 Rd2 42. Rb7 Rf2+ 43. Kg4 Re2 44. Bc6 Kf8 45. Bd5 Rf2 46. Kxh4 1-0


[Site "https://www.chess.com"]

[Event "Titled Tuesday Blitz November 07 Early 2023"]
[White "Henriquez Villagra, Cristobal"]
[Black "Matinian, Nikita"]
[WhiteFideId "3409350"]
[BlackFideId "24129100"]
[WhiteElo "2874"]
[BlackElo "2658"]
[Result "1-0"]
[Round "4"]
[TimeControl "180+1"]
[Date "2023.11.07"]
[WhiteClock "0:00:09"]
[BlackClock "0:00:00"]
[Board "23"]

1. d4 Nf6 2. Nd2 d5 3. e3 g6 4. Ngf3 Bg7 5. b4 a5 6. b5 c5 7. bxc6 Nxc6 8. Bb5 O-O 9. O-O Bf5 10. Bxc6 bxc6 11. Ba3 Re8 12. Ne5 Qc7 13. Rc1 Nd7 14. Nxd7 Qxd7 15. Nf3 f6 16. c4 e5 17. cxd5 cxd5 18. Bc5 a4 19. h3 Be4 20. Nd2 Bd3 21. Re1 e4 22. Nb1 h5 23. Nc3 f5 24. h4 Bf6 25. g3 Qf7 26. Ne2 g5 27. hxg5 Bxg5 28. Kg2 h4 29. Rh1 Qh5 30. Nc3 Qxd1 31. Rcxd1 hxg3 32. Rh5 Be7 33. Nxd5 Bxc5 34. dxc5 Kf7 35. Kxg3 Be2 36. Rxf5+ Ke6 37. Nf4+ Kxf5 38. Nxe2 Rg8+ 39. Kh2 Kg4 40. Kg2 Kf5+ 41. Ng3+ Ke5 42. Rd4 Ra5 43. a3 1-0


[Site "https://www.chess.com"]

[Event "Titled Tuesday Blitz November 07 Early 2023"]
[White "Andreikin, Dmitry"]
[Black "Skvortsov, Andrei"]
[WhiteFideId "4158814"]
[BlackFideId "24108600"]
[WhiteElo "3110"]
[BlackElo "2663"]
[Result "1-0"]
[Round "4"]
[TimeControl "180+1"]
[Date "2023.11.07"]
[WhiteClock "0:00:45"]
[BlackClock "0:00:17"]
[Board "24"]

1. Nf3 e6 2. c4 d5 3. g3 dxc4 4. Bg2 Nd7 5. O-O Ngf6 6. Qc2 a6 7. Qxc4 b5 8. Qc6 Rb8 9. d4 Be7 10. Bg5 Bb7 11. Qc2 h6 12. Bxf6 Nxf6 13. Ne5 Bxg2 14. Kxg2 Qd5+ 15. f3 c5 16. Nc3 Qb7 17. dxc5 Bxc5 18. Ne4 Be7 19. Nc6 Rc8 20. Rac1 Nd5 21. Kh3 Ne3 22. Qc3 Nxf1 23. Qxg7 Rf8 24. Nxe7 Rxc1 25. Ng6 Kd8 26. Qxf8+ Kc7 27. Qd6+ 1-0


[Site "https://www.chess.com"]

[Event "Titled Tuesday Blitz November 07 Early 2023"]
[White "Yeremyan_ChessMate"]
[Black "Paravyan, David"]
[BlackFideId "4194985"]
[WhiteElo "2784"]
[BlackElo "3072"]
[Result "0-1"]
[Round "4"]
[TimeControl "180+1"]
[Date "2023.11.07"]
[WhiteClock "0:00:09"]
[BlackClock "0:01:27"]
[Board "25"]

1. c4 e5 2. Nc3 Nf6 3. g3 Bb4 4. Bg2 O-O 5. Nf3 e4 6. Nd4 Re8 7. O-O Nc6 8. Nc2 Bxc3 9. bxc3 d6 10. d4 exd3 11. exd3 h6 12. Nd4 Nxd4 13. cxd4 c6 14. h3 d5 15. Be3 Be6 16. c5 b5 17. cxb6 axb6 18. Qc2 Qd7 19. Kh2 Ra3 20. Rab1 b5 21. Rb3 Rea8 22. Rxa3 Rxa3 23. Bc1 Ra4 24. Qc3 Rxa2 25. Be3 Bf5 26. Rc1 Kh7 27. Qb3 Ra8 28. Bf4 Bg6 29. g4 Qe6 30. Qc3 Ra2 31. Bg3 Qe2 32. Bf1 Qf3 33. Re1 Rxf2+ 34. Bxf2 Qxf2+ 35. Bg2 h5 36. Rf1 Qh4 37. Qxc6 Nxg4+ 38. Kg1 Ne3 39. Rf2 Qxd4 40. Qc1 b4 41. Qd2 b3 42. Kh2 Qe5+ 43. Kg1 d4 44. Qe2 Qg3 45. Rf3 Qxg2+ 46. Qxg2 Nxg2 47. Kxg2 b2 48. Rf1 Bxd3 0-1


[Site "https://www.chess.com"]

[Event "Titled Tuesday Blitz November 07 Early 2023"]
[White "Liyanage, Ranindu Dilshan"]
[Black "Le, Quang Liem"]
[WhiteFideId "9915834"]
[BlackFideId "12401137"]
[WhiteElo "2784"]
[BlackElo "3045"]
[Result "0-1"]
[Round "4"]
[TimeControl "180+1"]
[Date "2023.11.07"]
[WhiteClock "0:01:03"]
[BlackClock "0:01:30"]
[Board "26"]

1. e4 c6 2. d4 d5 3. exd5 cxd5 4. c4 Nf6 5. Nc3 g6 6. cxd5 Nxd5 7. Bc4 Nxc3 8. bxc3 Bg7 9. Nf3 Qc7 10. Qb3 O-O 11. O-O Nc6 12. Be2 b6 13. Be3 Bb7 14. c4 Rac8 15. Qa3 Na5 16. Rac1 Bxf3 17. gxf3 e6 18. Rfd1 Rfd8 19. c5 Qe7 20. Qa4 h5 21. cxb6 Rxc1 22. Rxc1 axb6 23. Qb5 Bxd4 24. Bxd4 Rxd4 25. Rc8+ Rd8 26. Rc6 Nxc6 0-1


[Site "https://www.chess.com"]

[Event "Titled Tuesday Blitz November 07 Early 2023"]
[White "Gharibyan, Mamikon"]
[Black "Deac, Bogdan-Daniel"]
[WhiteFideId "13308300"]
[BlackFideId "1226380"]
[WhiteElo "2765"]
[BlackElo "2998"]
[Result "1-0"]
[Round "4"]
[TimeControl "180+1"]
[Date "2023.11.07"]
[WhiteClock "0:00:21"]
[BlackClock "0:00:00"]
[Board "27"]

1. e4 c5 2. Nf3 e6 3. Be2 Nc6 4. O-O Nf6 5. Nc3 d5 6. exd5 exd5 7. d4 Be6 8. Re1 h6 9. Bd3 Be7 10. dxc5 Bxc5 11. Bf5 O-O 12. Bxe6 fxe6 13. Rxe6 Qd7 14. Re2 Rae8 15. Bf4 Qf5 16. Bg3 d4 17. Rxe8 Rxe8 18. Ne2 Qe4 19. Nf4 Nb4 20. Nd3 Nxd3 21. Qxd3 Qxd3 22. cxd3 Re2 23. Rb1 Nd5 24. Kf1 Rc2 25. Be5 Bb6 26. a3 g5 27. g3 g4 28. Nxd4 Rd2 29. Re1 Rxb2 30. Re2 Rc2 31. Rxc2 1-0


[Site "https://www.chess.com"]

[Event "Titled Tuesday Blitz November 07 Early 2023"]
[White "Harsh Suresh"]
[Black "Csonka, Balazs"]
[WhiteFideId "45018464"]
[BlackFideId "742910"]
[WhiteElo "2945"]
[BlackElo "2760"]
[Result "0-1"]
[Round "4"]
[TimeControl "180+1"]
[Date "2023.11.07"]
[WhiteClock "0:00:08"]
[BlackClock "0:00:03"]
[Board "28"]

1. d4 Nf6 2. c4 g6 3. Nc3 Bg7 4. e4 d6 5. h3 e5 6. d5 a5 7. Be3 Na6 8. Bd3 O-O 9. g4 Nd7 10. Nge2 Qh4 11. Qd2 h6 12. Ng1 Ndc5 13. Bc2 Bxg4 14. a3 f5 15. Nb5 Bh5 16. Ne2 Nxe4 17. Bxe4 Qxe4 18. Ng3 Qf3 19. Rg1 f4 20. Nxh5 fxe3 21. Qxe3 Qxe3+ 22. fxe3 gxh5 23. Ke2 Rf7 24. Rg2 Raf8 25. Rag1 Kh7 26. Nc3 Nc5 27. b4 axb4 28. axb4 Na6 29. Rb1 e4 30. Nxe4 Re7 31. Nf2 Rfe8 32. Nd1 Be5 33. Rb3 Nb8 34. Rf2 Nd7 35. Ra3 Nb6 36. Kd3 c6 37. e4 Bg7 38. c5 dxc5 39. bxc5 Nd7 40. dxc6 bxc6 41. Ra5 Rxe4 42. Rf7 R4e7 43. Rxe7 Rxe7 44. Ne3 Ne5+ 45. Kd2 Nf3+ 46. Kd3 Ne1+ 47. Kd2 Nf3+ 48. Kd3 Rd7+ 49. Ke4 Nd2+ 50. Kf5 Nb3 51. Ra6 Nxc5 52. Rxc6 Nd3 53. Ke6 Ra7 54. Nf5 Nf4+ 55. Kd6 Rf7 56. Ng3 h4 57. Ne4 Ng6 58. Ke6 Rf8 59. Rc7 Nf4+ 60. Kd6 Nxh3 61. Nc5 Ng5 62. Nd3 Rf7 63. Rc2 Rf6+ 64. Kd5 h3 65. Rh2 Rf5+ 66. Kd6 Kg6 67. Nc5 Kh5 68. Nb3 Be5+ 69. Kd5 Bxh2+ 0-1


[Site "https://www.chess.com"]

[Event "Titled Tuesday Blitz November 07 Early 2023"]
[White "Orozbaev, Eldiar"]
[Black "Boros, Denes"]
[WhiteFideId "13802240"]
[BlackFideId "722340"]
[WhiteElo "2734"]
[BlackElo "2943"]
[Result "0-1"]
[Round "4"]
[TimeControl "180+1"]
[Date "2023.11.07"]
[WhiteClock "0:00:00"]
[BlackClock "0:00:29"]
[Board "29"]

1. e4 g6 2. d4 d5 3. Nc3 dxe4 4. Nxe4 Bg7 5. Nf3 Nd7 6. Bd3 Ngf6 7. Ng3 c5 8. c3 cxd4 9. cxd4 O-O 10. O-O b6 11. Qe2 Bb7 12. Rd1 Nd5 13. Ne5 Rc8 14. h4 e6 15. h5 Nxe5 16. dxe5 Qh4 17. Be4 Rfe8 18. Bf3 Ba8 19. Bd2 Nf4 20. Bxf4 Qxf4 21. Bxa8 Rxa8 22. hxg6 hxg6 23. Rd7 Rac8 24. Re1 Rc5 25. Rxa7 Rxe5 26. Qd1 Rd5 27. Qb3 Bd4 28. Re2 Rc8 29. Nf1 Rf5 30. Qg3 Qxg3 31. Nxg3 Rc1+ 32. Nf1 Rb1 33. Rb7 Rc5 34. Rd2 e5 0-1


[Site "https://www.chess.com"]